 Dungeon Crawl Stone Soup version 0.21.1-1-g345015fe64 (webtiles) character file.

10437 Gargoyl the Schismatic (level 11, 0/90 HPs)
             Began as a Centaur Abyssal Knight on May 15, 2018.
             Was an Elder of Lugonu.
             Succumbed to a spiny frog's poison
             ... on level 1 of the Lair of Beasts.
             The game lasted 00:21:21 (14548 turns).

Gargoyl the Schismatic (Centaur Abyssal Knight)    Turns: 14548, Time: 00:21:22

Health: 0/90       AC: 20    Str: 22    XL:     11   Next: 36%
Magic:  11/17      EV:  3    Int: 11    God:    Lugonu [****..]
Gold:   588        SH:  9    Dex: 10    Spells: 10/10 levels left

rFire    + + .     SeeInvis .   t - +1 hand axe (chop)
rCold    + . .     Gourm    .   s - +0 shield
rNeg     . . .     Faith    .   B - +0 gold dragon scales
rPois    +         Spirit   .   k - +2 helmet
rElec    +         Reflect  .   J - +2 cloak
rCorr    .         Harm     .   (no gloves)
MR       +....                  (no barding)
Stlth    ..........             (no amulet)
HPRegen  0.25/turn              d - ring of protection from magic
MPRegen  0.15/turn              e - +2 ring of evasion

@: mighty, lethally poisoned (0 -> -13), very quick
A: large, hooves 3, blink, deformed body, fire resistance 1, speed 2,
electricity resistance, tough skin 3
a: Blink, Depart the Abyss, Bend Space, Banish, Corrupt, Renounce Religion


You were on level 1 of the Lair of Beasts.
You worshipped Lugonu.
Lugonu was greatly pleased with you.
You were hungry.

You visited 2 branches of the dungeon, and saw 12 of its levels.
You visited the Abyss 1 time.

You collected 588 gold pieces.

Inventory:

Hand Weapons
 a - a +1 hand axe
 o - a +1 spear of piercing
 t - a +1 hand axe of chopping (weapon)
Missiles
 w - 8 javelins (quivered)
Armour
 k - a +2 helmet (worn)
 s - a +0 shield (worn)
 B - +0 gold dragon scales (worn)
 J - a +2 cloak (worn)
Jewellery
 d - a ring of protection from magic (left hand)
 e - a +2 ring of evasion (right hand)
 p - an uncursed ring of see invisible
Wands
 i - a wand of enslavement (8)
 m - a wand of paralysis (30)
 F - a wand of polymorph (6)
 G - a wand of scattershot (6)
 I - a wand of iceblast (10)
Scrolls
 l - a scroll of amnesia
 n - 2 scrolls of fear
 v - a scroll of identify
 x - 5 scrolls of remove curse
 E - 3 scrolls of teleportation
 H - a scroll of holy word
Potions
 b - a potion of flight
 f - 3 potions of berserk rage
 j - 2 potions of agility
 q - 5 potions of curing
 r - a potion of lignification
 u - 3 potions of haste
 z - a potion of might
 A - a potion of resistance {unknown}
 C - 2 potions of brilliance
Books
 g - a book of Misfortune

   Spells                             Type                      Level
   a - Confusing Touch                Hexes                        1
   b - Confuse                        Hexes                        3
   c - Gell's Gravitas                Translocation                3
   d - Petrify                        Transmutation/Earth          4
   e - Metabolic Englaciation         Hexes/Ice                    5
   f - Yara's Violent Unravelling     Hexes/Transmutation          5
 h - a book of Debilitation

   Spells                             Type                      Level
   a - Corona                         Hexes                        1
   b - Slow                           Hexes                        2
   c - Inner Flame                    Hexes/Fire                   3
   d - Portal Projectile              Hexes/Translocation          3
   e - Cause Fear                     Hexes                        4
   f - Leda's Liquefaction            Hexes/Earth                  4
 y - a book of Necromancy

   Spells                             Type                      Level
   a - Pain                           Necromancy                   1
   b - Animate Skeleton               Necromancy                   1
   c - Vampiric Draining              Necromancy                   3
   d - Regeneration                   Charms/Necromancy            3
   e - Animate Dead                   Necromancy                   4
   f - Borgnjor's Vile Clutch         Necromancy/Earth             5
Comestibles
 c - 19 rations
 K - 3 chunks of flesh


   Skills:
 + Level 6.3 Fighting
 + Level 8.8 Axes
 * Level 7.9 Armour
 + Level 2.2 Dodging
 + Level 3.9 Shields
 * Level 9.3 Invocations


You had 10 spell levels left.
You didn't know any spells.

Dungeon Overview and Level Annotations

Branches:
Dungeon (11/15)            Temple (0/1) D:4            Lair (1/6) D:9
    Orc (0/2) D:9

Altars:
Ashenzari
Gozag
Kikubaaqudgha
Nemelex Xobeh
Qazlal
Trog
Vehumet
Yredelemnul
Zin

Shops:
D:7 :

Annotations:
D:3 1 runed door
D:4 2 transporters


Innate Abilities, Weirdness & Mutations

You have hooves in place of feet.
Armour fits poorly on your strangely shaped body.
You cover ground very quickly.
You have extremely tough skin. (AC +3)
You can translocate small distances at will.
Your flesh is heat resistant. (rF+)
You are resistant to electric shocks. (rElec)


Message History

You closely miss the wolf.
You feel sick. The spiny frog stings you.
* * * LOW HITPOINT WARNING * * *
The wolf bites you but does no damage.
The spiny frog stings you but does no damage.
You slash the spiny frog! Your kick misses the spiny frog.
The spiny frog is moderately wounded.
Your gold dragon scales prevents you from hitting the wolf.
You feel sick. The wolf bites you but does no damage. The wolf bites you.
* * * LOW HITPOINT WARNING * * *
The spiny frog stings you!
* * * LOW HITPOINT WARNING * * *
Unknown command.
Unknown command.
You slash the spiny frog!
You kill the spiny frog!
Lugonu accepts your kill.
Your shield and gold dragon scales prevent you from hitting the wolf.
* * * LOW HITPOINT WARNING * * *
You feel sick. The wolf bites you but does no damage.
You die...

# #P.#..##.....# #
#...........#
##....#..#...#
#..#..+#.....##
##†#..##......# ##
####P.#..##...#.##
.#####.###....##.....#
...............#.....#
...........#..#.@h.#.#
...........#.F##.....#
......÷.......#......#
.................#.#.##
###########.##....[...#
####.#.....## #.#.#...#
#.#.....# ..#.....#


You could see a wolf.

Vanquished Creatures
  Pikel (D:8)
  Maurice (D:8)
  Joseph (D:8)
  A spiny frog (Lair:1)
  A troll (D:9)
  Prince Ribbit (D:8)
  2 hippogriffs (D:7)
  Sigmund (D:9)
  A shadow (D:11)
  Eustachio (D:4)
  A wyvern (D:9)
  The ghost of DildoBatman the Sneak, an amateur FoWz (D:3)
  Menkaure (D:7)
  A water moccasin (Lair:1)
  2 sky beasts
  5 orc warriors
  3 ice beasts
  4 porcupines
  An eye of draining (D:11)
  A necrophage (D:7)
  An ogre (D:11)
  A phantom (D:4)
  4 wolves (Lair:1)
  A big kobold (D:11)
  3 crocodiles
  Blork the orc (D:4)
  8 bullfrogs
  2 scorpions
  7 killer bees
  4 howler monkeys
  2 bullfrog zombies
  2 crimson imps
  A centaur zombie (D:5)
  A quasit (D:6)
  A human zombie (D:3)
  7 hounds
  7 jellies
  6 orc priests
  A bullfrog skeleton (D:6)
  A centaur skeleton (D:9)
  A human skeleton (D:3)
  Ijyb (D:3)
  Terence (D:1)
  2 iguanas
  13 orc wizards
  13 worker ants
  A hound zombie (D:6)
  2 worker ant zombies (D:11)
  4 gnolls (D:3)
  12 adders
  A shadow imp (D:6)
  5 oozes (D:9)
  An adder zombie (D:9)
  2 adder skeletons
  4 worms
  A dart slug (D:1)
  5 leopard geckos
  44 orcs
  10 bats
  4 giant cockroaches
  8 goblins
  10 hobgoblins
  4 jackals (D:6)
  15 kobolds
  4 quokkas
  A ball python (D:1)
  7 frilled lizards
  2 quokka zombies
  9 rats
  A fungus (D:9)
280 creatures vanquished.

Vanquished Creatures (others)
  The ghost of Ratz the Cruncher, a journeyman FoFi of Uskayaw (D:11)
  A hydra (Lair:1)
  2 two-headed ogres
  A manticore (D:11)
  A komodo dragon (D:11)
  An orc warrior (D:11)
  A slave (D:8)
  2 fungi
10 creatures vanquished.

Grand Total: 290 creatures vanquished

Notes
Turn   | Place    | Note
-------+----------+-------------------------------------------
     0 | Abyss:1  | Gargoyl the Centaur Abyssal Knight began the quest for the Orb.
     0 | Abyss:1  | Reached XP level 1. HP: 19/19 MP: 2/2
    33 | Abyss:1  | Noticed a raiju
    36 | D:1      | Escaped the Abyss
    89 | D:1      | Reached * piety under Lugonu
   122 | D:1      | Reached XP level 2. HP: 19/26 MP: 4/4
   625 | D:1      | Reached skill level 1 in Dodging
  1007 | D:2      | Noticed Terence
  1010 | D:2      | Reached skill level 3 in Invocations
  1010 | D:2      | Reached XP level 3. HP: 9/31 MP: 5/5
  1027 | D:1      | Killed Terence
  1027 | D:1      | Reached XP level 4. HP: 23/38 MP: 6/6
  1646 | D:2      | Reached ** piety under Lugonu
  2044 | D:2      | Reached XP level 5. HP: 42/45 MP: 7/7
  2567 | D:3      | Noticed DildoBatman's ghost (amateur FoWz)
  2576 | D:3      | Noticed Ijyb
  2601 | D:3      | Killed Ijyb
  2646 | D:3      | Killed DildoBatman's ghost
  2646 | D:3      | Reached XP level 6. HP: 8/52 MP: 8/8
  2991 | D:3      | Reached skill level 4 in Invocations
  3228 | D:3      | Found a runed door.
  3228 | D:3      | Noticed a human
  3234 | D:3      | Found a basalt altar of Yredelemnul.
  3708 | D:3      | Reached *** piety under Lugonu
  4016 | D:3      | Found an opulent altar of Gozag.
  4016 | D:3      | Found a sparkling altar of Nemelex Xobeh.
  4070 | D:4      | Noticed Eustachio
  4108 | D:4      | Killed Eustachio
  4108 | D:4      | Reached XP level 7. HP: 26/58 MP: 10/10
  4255 | D:4      | Found a transporter.
  4468 | D:4      | Found a staircase to the Ecumenical Temple.
  4590 | D:4      | Found a transporter.
  4670 | D:4      | Noticed Blork the orc
  4708 | D:4      | Killed Blork the orc
  4986 | D:5      | Entered Level 5 of the Dungeon
  5202 | D:5      | Reached XP level 8. HP: 51/66 MP: 11/11
  5248 | D:5      | Reached skill level 5 in Invocations
  5708 | D:5      | Reached skill level 5 in Axes
  6054 | D:6      | Reached skill level 1 in Shields
  6139 | D:6      | Gained mutation: You are frail. (-10% HP) [potion of mutation]
  6139 | D:6      | Gained mutation: You are agile. (Dex +2) [potion of mutation]
  6139 | D:6      | Gained mutation: Your flesh is heat resistant. (rF+) [potion of mutation]
  6139 | D:6      | Gained mutation: You are partially covered in large bone plates. (SH +4) [potion of mutation]
  6140 | D:6      | Lost mutation: You are partially covered in large bone plates. (SH +4) [potion of mutation]
  6140 | D:6      | Lost mutation: You are frail. (-10% HP) [potion of mutation]
  6140 | D:6      | Lost mutation: You are agile. (Dex +2) [potion of mutation]
  6140 | D:6      | Gained mutation: You expend magic power (3 MP) to strengthen your wands. [potion of mutation]
  6140 | D:6      | Gained mutation: You are agile. (Dex +2) [potion of mutation]
  6140 | D:6      | Gained mutation: Your spells are a little harder to cast, but a little more powerful. [potion of mutation]
  6174 | D:6      | Noticed a two-headed ogre
  6196 | D:6      | Banished a two-headed ogre
  6369 | D:6      | Reached skill level 6 in Invocations
  6676 | D:6      | Reached **** piety under Lugonu
  6676 | D:6      | Reached XP level 9. HP: 68/72 MP: 13/13
  6926 | D:6      | Reached skill level 5 in Armour
  7571 | D:8      | Noticed Joseph
  7594 | D:8      | Killed Joseph
  8153 | D:7      | Noticed Menkaure
  8264 | D:7      | Killed Menkaure
  8689 | D:7      | Reached skill level 5 in Fighting
  8982 | D:7      | Found Ikaunah's Book Shoppe.
  9001 | D:7      | Reached skill level 7 in Invocations
  9134 | D:7      | Lost mutation: You are agile. (Dex +2) [potion of mutation]
  9134 | D:7      | Gained mutation: You are clumsy. (Dex -2) [potion of mutation]
  9134 | D:7      | Gained mutation: You can translocate small distances at will. [potion of mutation]
  9380 | D:8      | Noticed a two-headed ogre
  9383 | D:8      | Banished a two-headed ogre
  9383 | D:8      | Reached XP level 10. HP: 79/79 MP: 6/15
  9856 | D:8      | Noticed Pikel
  9906 | D:8      | Killed Pikel
 10085 | D:8      | Noticed Prince Ribbit
 10103 | D:8      | Killed Prince Ribbit
 10220 | D:8      | Noticed Maurice
 10231 | D:8      | Killed Maurice
 10231 | D:8      | Reached skill level 8 in Invocations
 10762 | D:9      | Found a bloodstained altar of Trog.
 10818 | D:9      | Found a stormy altar of Qazlal.
 11169 | D:9      | Found a staircase to the Orcish Mines.
 11211 | D:9      | Found a radiant altar of Vehumet.
 11211 | D:9      | Found a shattered altar of Ashenzari.
 11216 | D:9      | Found an ancient bone altar of Kikubaaqudgha.
 11225 | D:9      | Found a glowing silver altar of Zin.
 11254 | D:9      | Noticed Sigmund
 11264 | D:9      | Killed Sigmund
 12511 | D:9      | Found a staircase to the Lair.
 12661 | D:9      | You fall through a shaft for 2 floors!
 12665 | D:11     | Reached ***** piety under Lugonu
 12667 | D:11     | Noticed Ratz's ghost (journeyman FoFi)
 12680 | D:11     | Banished Ratz's ghost
 12815 | D:11     | Reached XP level 11. HP: 70/89 MP: 17/17
 13642 | D:11     | Reached skill level 9 in Invocations
 13659 | D:11     | Lost mutation: Your spells are a little harder to cast, but a little more powerful. [potion of mutation]
 13659 | D:11     | Lost mutation: You are clumsy. (Dex -2) [potion of mutation]
 13659 | D:11     | Gained mutation: You are agile. (Dex +2) [potion of mutation]
 13659 | D:11     | Lost mutation: You expend magic power (3 MP) to strengthen your wands. [potion of mutation]
 13659 | D:11     | Lost mutation: You are agile. (Dex +2) [potion of mutation]
 13659 | D:11     | Gained mutation: You are resistant to electric shocks. (rElec) [potion of mutation]
 14264 | D:10     | Entered Level 10 of the Dungeon
 14407 | Lair:1   | Entered Level 1 of the Lair of Beasts
 14493 | Lair:1   | Noticed a seven-headed hydra
 14536 | Lair:1   | Banished a seven-headed hydra
 14546 | Lair:1   | HP: 1/90 [spiny frog (12)]
 14548 | Lair:1   | Succumbed to a spiny frog's poison

Skill      XL: |  1  2  3  4  5  6  7  8  9 10 11 |
---------------+----------------------------------+-----
Axes           | 2 3 4 6 7 8 |  8.8
Dodging        | 1 2 |  2.2
Invocations    | 3 4 6 7 8 9 |  9.3
Armour         | 2 3 4 6 7 |  7.9
Fighting       | 4 5 6 |  6.3
Shields        | 1 2 3 |  3.9

Action                   |  1- 3 |  4- 6 |  7- 9 | 10-12 || total
-------------------------+-------+-------+-------+-------++-------
Melee: Hand axe          |    67 |   251 |   463 |   553 ||  1334
       Kick              |    13 |    40 |   100 |   130 ||   283
Invok: Depart the Abyss  |     1 |       |       |       ||     1
       Banish            |       |       |     4 |     8 ||    12
       Bend Space        |       |       |       |     1 ||     1
  Use: Potion            |     2 |     3 |     4 |     5 ||    14
       Scroll            |       |     9 |     6 |     6 ||    21
  Eat: Chunk             |       |     5 |     9 |    11 ||    25
       Ration            |       |     1 |     2 |     2 ||     5
Armor: Leather armour    |    30 |       |       |       ||    30
       Ring mail         |    11 |   106 |       |       ||   117
       Skin              |       |    26 |       |       ||    26
       Plate armour      |       |    73 |   352 |   139 ||   564
       Gold dragon scale |       |       |       |   297 ||   297
Dodge: Dodged            |    33 |   119 |    61 |    34 ||   247
Block: Buckler           |     7 |    34 |     1 |       ||    42
       Shield            |       |       |   170 |   236 ||   406
